 Dungeon Crawl Stone Soup version 0.30-a0-218-gedb9141078 (console) character file.

Game seed: 10766672543255511785

80801 jejorda2 the Basher (level 15, 0/122 HPs)
             Began as a Gnoll Berserker on Oct 5, 2022.
             Was a High Priest of Trog.
             Killed from afar by Azrael (37 damage)
             ... with damnation
             ... on level 13 of the Dungeon.
             The game lasted 01:10:17 (24695 turns).

jejorda2 the Basher (Gnoll Berserker)              Turns: 24695, Time: 01:10:17

Health: 0/122      AC: 35    Str: 22    XL:     15   Next: 68%
Magic:  29/29      EV:  7    Int:  9    God:    Trog [*****.]
Gold:   618        SH: 13    Dex: 13    Spells: 35/35 levels left

rFire   + . .      SeeInvis +    a - +0 demon whip (freeze)
rCold   . . .      Faith    +    T - +2 kite shield
rNeg    . . .      Spirit   .    g - -2 crystal plate armour
rPois   .          Reflect  .    c - +2 helmet {SInv}
rElec   +          Harm     .    S - +2 cloak
rCorr   .          Rampage  +    D - +2 pair of gloves
Will    .....                    U - +0 pair of boots
Stlth   ..........               Z - amulet of Secrets {Faith Rampage rElec Will- Dex+2}
HPRegen 0.40/turn                i - ring of protection from fire
MPRegen 0.21/turn                X - +4 ring of protection

@: no status effects
A: fangs 1, strong nose, distributed training
a: Renounce Religion, Berserk, Trog's Hand, Brothers in Arms


You were on level 13 of the Dungeon.
You worshipped Trog.
Trog was extremely pleased with you.
You visited 2 branches of the dungeon, and saw 18 of its levels.
You also visited: Ossuary, Bailey and Volcano.

You collected 2526 gold pieces.
You spent 1908 gold pieces at shops.

Inventory:

Hand Weapons
 a - a +0 demon whip of freezing (weapon)
 y - a +6 vorpal broad axe
 I - a +2 antimagic double sword
Missiles
 h - 3 silver javelins
 m - 10 atropa-tipped darts
 p - 8 boomerangs (quivered)
 C - 8 curare-tipped darts
 G - 2 javelins
 L - 12 poisoned darts
Armour
 c - a +2 helmet of see invisible (worn)
 g - a -2 crystal plate armour (worn)
 D - a +2 pair of gloves (worn)
 S - a +2 cloak (worn)
 T - a +2 kite shield (worn)
 U - a +0 pair of boots (worn)
Jewellery
 b - a ring of poison resistance
 i - a ring of protection from fire (left hand)
 r - a ring of willpower
 z - a ring of ice
 N - a ring of flight
 P - a ring of positive energy
 X - a +4 ring of protection (right hand)
 Z - the amulet of Secrets (around neck) {Faith Rampage rElec Will- Dex+2}
   (You bought it in a shop on level 10 of the Dungeon)

   [amulet of faith]

   It allows you to gain divine favour quickly.
   Dex:       It affects your dexterity (+2).
   rElec:     It insulates you from electricity.
   Rampage:   It bestows one free step when moving towards enemies.
   Will:      It decreases your willpower.
Wands
 f - a wand of roots (4)
 k - a wand of flame (133)
 n - a wand of charming (11)
 o - a wand of quicksilver (15)
 H - a wand of mindburst (5)
 J - a wand of digging (12)
 V - a wand of polymorph (2)
Scrolls
 A - 10 scrolls of teleportation
 B - 5 scrolls of fog
 K - 2 scrolls of poison
 O - 6 scrolls of silence
 Q - 2 scrolls of magic mapping
 R - 2 scrolls of blinking
 W - 3 scrolls of fear
Potions
 d - 3 potions of flight
 e - 8 potions of might
 j - 3 potions of attraction
 l - 2 potions of mutation
 q - 7 potions of heal wounds
 s - a potion of cancellation
 t - 5 potions of magic
 u - 3 potions of ambrosia
 v - 8 potions of haste
 w - 8 potions of curing
 E - 4 potions of invisibility
 F - 2 potions of resistance
Miscellaneous
 M - a tin of tremorstones (2/2)


   Skills:
 + Level 12.4 Fighting
 + Level 10.7 Short Blades
 + Level 10.7 Long Blades
 + Level 10.7 Axes
 + Level 12.4 Maces & Flails
 + Level 10.7 Polearms
 + Level 10.7 Staves
 + Level 10.7 Ranged Weapons
 + Level 10.7 Throwing
 + Level 11.6 Armour
 + Level 11.6 Dodging
 + Level 10.7 Stealth
 + Level 10.7 Shields
 + Level 10.7 Unarmed Combat
 + Level 10.7 Spellcasting
 + Level 9.0 Conjurations
 + Level 9.0 Hexes
 + Level 9.0 Summonings
 + Level 9.0 Necromancy
 + Level 9.0 Translocations
 + Level 9.0 Transmutations
 + Level 9.0 Fire Magic
 + Level 9.0 Ice Magic
 + Level 9.0 Air Magic
 + Level 9.0 Earth Magic
 + Level 9.0 Poison Magic
 + Level 11.6 Invocations
 + Level 10.7 Evocations


You had 35 spell levels left.
You didn't know any spells.
Your spell library was empty.

Dungeon Overview and Level Annotations

Branches:
Dungeon (13/15)            Temple (0/1) D:6            Lair (5/5) D:8
 Shoals (0/4) Lair:3        Snake (0/4) Lair:3        Slime (0/5) Lair:5
    Orc (0/2) D:11        Ossuary (visited)          Bailey (visited)
Volcano (visited)
 Vaults: D:13-14

Altars:
Nemelex Xobeh
Qazlal
Uskayaw
Wu Jian
Yredelemnul

Shops:
D:4 **   D:6 :   D:10 =   D:11 =

Annotations:
D:13 Azrael
Lair:5 exclusion: obsidian statue


Innate Abilities, Weirdness & Mutations

You have very sharp teeth.
Your uncanny sense of smell can sniff out nearby items.
Your experience applies equally to all skills.


Message History

You are too injured to fight recklessly!
You are too injured to fight recklessly!
You closely miss the fire elemental.
The fire elemental is almost destroyed.
You block the fire elemental's attack. The fire elemental hits you.
The fire elemental burns you!
You completely miss the fire elemental. Your bite misses the fire elemental.
The fire elemental is almost destroyed.
The fire elemental hits you. The fire elemental burns you!
The fire elemental hits you. The fire elemental burns you!
You whack the fire elemental! You freeze the fire elemental.
You destroy the fire elemental!
Trog accepts your kill.
You closely miss the fire elemental. The fire elemental hits you.
The fire elemental burns you!
You hit the fire elemental. You freeze the fire elemental.
Your bite misses the fire elemental.
The fire elemental is lightly damaged.
You block the fire elemental's attack.
You whack the fire elemental! You freeze the fire elemental.
The fire elemental is heavily damaged.
The fire elemental hits you. The fire elemental burns you!
* * * LOW HITPOINT WARNING * * *
You whack the fire elemental! You freeze the fire elemental.
You destroy the fire elemental!
Trog accepts your kill.
Azrael and a hell hound come into view.
Azrael is wielding a +3 scimitar of flaming.
The hell hound barks!
A fire elemental comes into view.
A hell hound comes into view.
There are monsters nearby!
You're wearing all the rings you can.
Remove which one? (? for menu, Esc to cancel) < or
b - a ring of poison resistance; > or
X - a +4 ring of protection You remove your ring of poison resistance.
The hell hound barks!
i - a ring of protection from fire (left hand) Azrael gestures at you.
The sphere of damnation explodes!
The damnation engulfs you!!!
You die...

#..####........##
#..............#
#..............#
#..####........#####
#..# #.............
#..# #.............
#..# #........##
#..# #..####..# #..#
#..# #.@# ....# #..#
.....# #... ####...
..... #.. .R..###
.Eh..# .○....#
.......#


You could see Azrael, a fire elemental and a hell hound.

Vanquished Creatures
  3 dire elephants (Lair:5)
  Josephine (D:12)
  Harold (D:10)
  A hydra (Lair:5)
  A catoblepas (Lair:5)
  A vault guard (D:13)
  2 centaur warriors
  A boulder beetle (D:11)
  6 two-headed ogres
  15 death yaks
  A shock serpent (D:13)
  The ghost of billz999 the Spear-Bearer, a novice HuBe of Trog (D:8)
  Nergalle (D:11)
  4 necromancers (Lair:5)
  Pikel (D:4)
  A deep elf pyromancer (D:12)
  A manticore (D:12)
  5 ugly things
  14 elephants
  2 cyclopes (D:13)
  5 black mambas
  Joseph (D:10)
  A torpor snail (Lair:4)
  11 cane toads
  2 gargoyles (D:10)
  12 komodo dragons
  2 kobold demonologists
  2 efreet (D:13)
  A tengu conjurer (D:13)
  10 rime drakes
  A polar bear (Lair:4)
  4 trolls
  A hornet (D:10)
  9 slime creatures
  15 blink frogs
  A snapping turtle (Lair:3)
  3 dream sheep (Lair:4)
  3 shadows
  6 wraiths
  A dire elephant simulacrum (Lair:5)
  A vampire (D:13)
  50 yaks
  2 wyverns
  Eustachio (D:5)
  5 fire bats (Volcano)
  4 fire elementals (D:13)
  4 vampire mosquitoes (D:12)
  The ghost of drugrobin the Cutter, an amateur DgDe (D:4)
  2 basilisks (Lair:3)
  A steam dragon (D:10)
  19 water moccasins
  Duvessa (D:5)
  3 acid dragons
  2 black bears
  4 orc warriors
  2 ogres
  A sky beast (D:7)
  15 wolves
  4 centaurs
  An elephant skeleton (Lair:5)
  2 phantoms
  A lemure (D:4)
  2 kobold brigands
  2 cane toad simulacra (Lair:5)
  5 scorpions
  9 bullfrogs
  6 necrophages
  4 wights (D:9)
  Dowan (D:5)
  4 killer bees (D:7)
  4 howler monkeys
  An electric eel (Lair:3)
  6 lava snakes (Volcano)
  3 human zombies (Ossuary)
  A quasit (D:8)
  2 centaur zombies (Ossuary)
  2 hounds
  A gnoll bouda (D:5)
  12 jellies
  Crazy Yiuf (D:4)
  10 orc priests
  Terence (D:2)
  8 orc wizards
  A scorpion zombie (D:4)
  Natasha (thrice) (D:3)
  5 iguanas
  2 hound zombies (Ossuary)
  3 mummies (Ossuary)
  19 gnolls
  10 adders
  A shadow imp (D:5)
  An ufetubus (D:4)
  4 adder zombies
  2 worms (D:2)
  2 dart slugs (D:5)
  45 orcs
  8 ball pythons
  8 endoplasms
  A giant cockroach (D:4)
  2 gnoll zombies (Ossuary)
  6 goblins
  5 hobgoblins
  2 jackals (D:2)
  4 quokkas
  4 bats
  2 frilled lizards
  8 goblin zombies (Ossuary)
  3 hobgoblin zombies (Ossuary)
  6 jackal zombies (Ossuary)
  10 kobolds
  A kobold zombie (Ossuary)
  2 orc zombies (Ossuary)
  3 quokka zombies (Ossuary)
  A rat (D:1)
  2 rat zombies (Ossuary)
541 creatures vanquished.

Vanquished Creatures (collateral kills)
  A red draconian (Volcano)
  A boulder beetle (Lair:5)
  3 death yaks (Lair:5)
  A spectral anaconda (Lair:5)
  2 molten gargoyles (Volcano)
  A cane toad (Lair:5)
  A centaur (Volcano)
  2 quasits (D:8)
12 creatures vanquished.

Vanquished Creatures (others)
  A slime creature (D:13)
  13 fungi
  41 plants
  15 withered plants (Lair:5)
70 creatures vanquished.

Grand Total: 623 creatures vanquished

Notes
Turn   | Place    | Note
-------+----------+-------------------------------------------
     0 | D:1      | jejorda2 the Gnoll Berserker began the quest for the Orb.
     0 | D:1      | Reached XP level 1. HP: 23/23 MP: 1/1
   272 | D:1      | Reached XP level 2. HP: 21/29 MP: 2/2
   452 | D:1      | Found a faded altar of an unknown god.
   899 | D:2      | Noticed Terence
   907 | D:2      | Killed Terence
   908 | D:2      | Reached skill level 1 in Invocations
   908 | D:2      | Reached XP level 3. HP: 35/35 MP: 2/4
   911 | D:2      | Reached skill level 1 in Short Blades
   911 | D:2      | Reached skill level 1 in Long Blades
   911 | D:2      | Reached skill level 1 in Axes
   911 | D:2      | Reached skill level 1 in Polearms
   911 | D:2      | Reached skill level 1 in Staves
   911 | D:2      | Reached skill level 1 in Ranged Weapons
   911 | D:2      | Reached skill level 1 in Throwing
   911 | D:2      | Reached skill level 1 in Stealth
   911 | D:2      | Reached skill level 1 in Shields
   911 | D:2      | Reached skill level 1 in Unarmed Combat
   911 | D:2      | Reached skill level 1 in Spellcasting
   911 | D:2      | Reached skill level 1 in Evocations
  1054 | D:2      | Reached XP level 4. HP: 41/41 MP: 5/5
  1059 | D:2      | Reached skill level 1 in Conjurations
  1059 | D:2      | Reached skill level 1 in Hexes
  1059 | D:2      | Reached skill level 1 in Summonings
  1059 | D:2      | Reached skill level 1 in Necromancy
  1059 | D:2      | Reached skill level 1 in Translocations
  1059 | D:2      | Reached skill level 1 in Transmutations
  1059 | D:2      | Reached skill level 1 in Fire Magic
  1059 | D:2      | Reached skill level 1 in Ice Magic
  1059 | D:2      | Reached skill level 1 in Air Magic
  1059 | D:2      | Reached skill level 1 in Earth Magic
  1059 | D:2      | Reached skill level 1 in Poison Magic
  1848 | D:3      | Reached ** piety under Trog
  1904 | D:3      | Noticed Natasha
  1909 | D:3      | Killed Natasha
  1910 | D:3      | Reached XP level 5. HP: 47/47 MP: 7/7
  1941 | D:3      | Noticed Natasha
  1954 | D:3      | Killed Natasha
  2183 | D:3      | Noticed Natasha
  2197 | D:3      | Killed Natasha
  2525 | D:4      | Reached XP level 6. HP: 51/53 MP: 8/8
  2548 | D:4      | Reached skill level 5 in Armour
  2548 | D:4      | Reached skill level 5 in Dodging
  2574 | D:4      | Reached XP level 7. HP: 60/60 MP: 10/10
  2589 | D:4      | Found a sand-covered staircase.
  2601 | D:4      | Noticed Pikel
  2602 | Ossuary  | Entered an ossuary
  2913 | Ossuary  | Reached *** piety under Trog
  3306 | D:4      | Killed Pikel
  3307 | D:4      | Reached XP level 8. HP: 67/67 MP: 11/13
  3409 | D:4      | Found Kad Tuir's General Store.
  3432 | D:4      | Bought a +1 helmet of see invisible for 198 gold pieces
  3659 | D:4      | Found a runed translucent gate.
  3659 | D:4      | Found a runed translucent gate.
  3659 | D:4      | Found a runed translucent gate.
  3659 | D:4      | Noticed drugrobin's ghost (amateur DgDe)
  3661 | D:4      | Found a basalt altar of Yredelemnul.
  3675 | D:4      | Killed drugrobin's ghost
  3785 | D:4      | Found Cianotish's Lightly-Used Armoury.
  3863 | D:4      | Found a sparkling altar of Nemelex Xobeh.
  3863 | D:4      | Found a stormy altar of Qazlal.
  4036 | D:4      | Found a runed translucent door.
  4037 | D:4      | Noticed Crazy Yiuf
  4042 | D:4      | Killed Crazy Yiuf
  4089 | D:4      | Bought a -2 demon whip for 60 gold pieces
  4093 | D:4      | Identified a scroll of acquirement
  4093 | D:4      | Acquired 821 gold pieces
  4095 | D:4      | Bought a -2 crystal plate armour for 840 gold pieces
  4141 | D:5      | Entered Level 5 of the Dungeon
  4152 | D:5      | Noticed Dowan
  4153 | D:5      | Noticed Duvessa
  4163 | D:5      | Killed Duvessa
  4168 | D:5      | Killed Dowan
  4172 | D:5      | Reached XP level 9. HP: 73/73 MP: 14/14
  4498 | D:5      | Found an ornate altar of the Wu Jian Council.
  5104 | D:5      | Noticed Eustachio
  5129 | D:5      | Killed Eustachio
  5130 | D:5      | Reached skill level 5 in Invocations
  5375 | D:6      | Found a staircase to the Ecumenical Temple.
  5585 | D:6      | You fall into a shaft and drop 1 floor!
  5713 | D:6      | Found Fuopte's Self-Improvement Boutique.
  6030 | D:6      | Reached **** piety under Trog
  6271 | D:6      | Reached skill level 5 in Short Blades
  6271 | D:6      | Reached skill level 5 in Long Blades
  6271 | D:6      | Reached skill level 5 in Axes
  6271 | D:6      | Reached skill level 5 in Polearms
  6271 | D:6      | Reached skill level 5 in Staves
  6271 | D:6      | Reached skill level 5 in Ranged Weapons
  6271 | D:6      | Reached skill level 5 in Throwing
  6271 | D:6      | Reached skill level 5 in Stealth
  6271 | D:6      | Reached skill level 5 in Shields
  6271 | D:6      | Reached skill level 5 in Unarmed Combat
  6271 | D:6      | Reached skill level 5 in Spellcasting
  6271 | D:6      | Reached skill level 5 in Evocations
  6271 | D:6      | Reached XP level 10. HP: 76/81 MP: 17/17
  7711 | D:8      | Found a flagged portal.
  7731 | Bailey   | Entered a bailey
  8183 | Bailey   | Reached skill level 5 in Conjurations
  8183 | Bailey   | Reached skill level 5 in Hexes
  8183 | Bailey   | Reached skill level 5 in Summonings
  8183 | Bailey   | Reached skill level 5 in Necromancy
  8183 | Bailey   | Reached skill level 5 in Translocations
  8183 | Bailey   | Reached skill level 5 in Transmutations
  8183 | Bailey   | Reached skill level 5 in Fire Magic
  8183 | Bailey   | Reached skill level 5 in Ice Magic
  8183 | Bailey   | Reached skill level 5 in Air Magic
  8183 | Bailey   | Reached skill level 5 in Earth Magic
  8183 | Bailey   | Reached skill level 5 in Poison Magic
  8183 | Bailey   | Reached XP level 11. HP: 68/68 MP: 18/20
  8416 | D:8      | Found a transporter.
  8416 | D:8      | Noticed billz999's ghost (novice HuBe)
  8492 | D:8      | Found a staircase to the Lair.
  8714 | D:8      | Found a transporter.
  8874 | D:8      | Killed billz999's ghost
  9001 | D:9      | Noticed a two-headed ogre
  9008 | D:9      | Killed a two-headed ogre
 10029 | D:9      | Noticed a two-headed ogre
 10039 | D:9      | Killed a two-headed ogre
 10274 | D:10     | Entered Level 10 of the Dungeon
 10282 | D:10     | Reached ***** piety under Trog
 10556 | D:10     | Noticed Joseph
 10579 | D:10     | Killed Joseph
 10580 | D:10     | Reached XP level 12. HP: 58/97 MP: 22/22
 10587 | D:10     | Found Togaffam's Jewellery Shop.
 10724 | D:10     | Noticed a two-headed ogre
 10740 | D:10     | Killed a two-headed ogre
 10979 | D:10     | Found a runed translucent door.
 10988 | D:10     | Noticed a two-headed ogre
 11000 | D:10     | Killed a two-headed ogre
 11001 | D:10     | Reached skill level 10 in Fighting
 11001 | D:10     | Reached skill level 10 in Maces & Flails
 11009 | D:10     | Noticed a sun demon
 11141 | D:10     | Noticed Harold
 11157 | D:10     | Killed Harold
 11497 | D:10     | Identified the +7 battleaxe of Ozoo {freeze, rPois}
 11641 | D:11     | Found Owame's Jewellery Shoppe.
 11718 | D:11     | Noticed a two-headed ogre
 11727 | D:11     | Killed a two-headed ogre
 11796 | D:11     | Noticed a boulder beetle
 11808 | D:11     | Killed a boulder beetle
 12084 | D:11     | Noticed Nergalle
 12102 | D:11     | Killed Nergalle
 12598 | D:11     | Found a staircase to the Orcish Mines.
 12887 | Lair:1   | Entered Level 1 of the Lair of Beasts
 12915 | Lair:1   | Found a dark tunnel.
 12922 | Volcano  | Entered a volcano
 13068 | Volcano  | Found a burning altar of Makhleb.
 13068 | Volcano  | Noticed a centaur warrior
 13073 | Volcano  | Killed a centaur warrior
 13095 | Volcano  | Noticed a red draconian
 13101 | Volcano  | Killed a red draconian
 13102 | Volcano  | Reached XP level 13. HP: 75/104 MP: 25/25
 13492 | Lair:1   | Received a gift from Trog
 15324 | Lair:2   | Reached skill level 10 in Armour
 15324 | Lair:2   | Reached skill level 10 in Dodging
 16267 | D:10     | Bought the amulet of Secrets {Faith Rampage rElec Will-
                  | Dex+2} for 810 gold pieces
 16488 | Lair:3   | Found a staircase to the Snake Pit.
 17136 | Lair:3   | Found a staircase to the Shoals.
 17625 | Lair:4   | Reached skill level 10 in Invocations
 17757 | Lair:4   | Reached XP level 14. HP: 105/113 MP: 27/27
 18343 | Lair:4   | You fall into a shaft and drop 1 floor!
 18343 | Lair:5   | Entered Level 5 of the Lair of Beasts
 18623 | Lair:5   | Found a staircase to the Slime Pits.
 19770 | Lair:5   | Reached skill level 10 in Short Blades
 19770 | Lair:5   | Reached skill level 10 in Long Blades
 19770 | Lair:5   | Reached skill level 10 in Axes
 19770 | Lair:5   | Reached skill level 10 in Polearms
 19770 | Lair:5   | Reached skill level 10 in Staves
 19770 | Lair:5   | Reached skill level 10 in Ranged Weapons
 19770 | Lair:5   | Reached skill level 10 in Throwing
 19770 | Lair:5   | Reached skill level 10 in Stealth
 19770 | Lair:5   | Reached skill level 10 in Shields
 19770 | Lair:5   | Reached skill level 10 in Unarmed Combat
 19770 | Lair:5   | Reached skill level 10 in Spellcasting
 19770 | Lair:5   | Reached skill level 10 in Evocations
 20935 | Lair:4   | Reached XP level 15. HP: 120/120 MP: 29/29
 21197 | Lair:5   | Received a gift from Trog
 22351 | D:12     | Found a hide-covered altar of Uskayaw.
 22650 | D:12     | Noticed Josephine
 22662 | D:12     | Killed Josephine
 22778 | D:12     | Noticed Maurice
 22783 | D:12     | Maurice changed into Maurice the rime drake
 22783 | D:12     | Noticed Maurice
 22789 | D:12     | Killed Maurice the rime drake
 23862 | D:13     | Noticed Nessos
 24021 | D:13     | Nessos changed into Nessos the shock serpent
 24021 | D:13     | Noticed Nessos
 24028 | D:13     | Killed Nessos the shock serpent
 24693 | D:13     | Noticed Azrael
 24695 | D:13     | Killed from afar by Azrael

Illustrated notes

Levels and vault maps discovered:
D:1:      scummos_arrival_gate, layout_basic,
          dreamdust_ecumenical_altar_angels_and_demons
D:2:      layout_basic, uniq_terence
D:3:      layout_rooms, uniq_natasha
D:4:      layout_rooms, nicolae_yredelemnul_ghost_church,
          gammafunk_temple_overflow_wave, serial_shops, shop, enter_ossuary_1,
          minivault_24, minmay_shop_damaged, uniq_crazy_yiuf_cottage, uniq_pikel
D:5:      layout_rooms, mainiacjoe_overflow_small_starburst,
          minmay_fractal_squares_5, uniq_duvessa, uniq_eustachio
D:6:      layout_cave_pools, minmay_temple_entry_proselytizer,
          hangedman_abyss_or_decor_lesser_grid, nicolae_shop_self_help
D:7:      layout_basic
D:8:      layout_loops_cross, lair_entry_dummy, gammafunk_ghost_stat_death,
          enter_bailey_5
D:9:      layout_basic
D:10:     layout_long_grid, serial_shops, nicolae_shop_stone, minmay_st_funbox,
          lemuel_flame_loot_1, uniq_harold, uniq_joseph
D:11:     layout_roguey, minmay_orc_entry_temple_small, serial_shops,
          kennysheep_mini, uniq_nergalle
D:12:     layout_layer_cave, nicolae_uskayaw_dance_hall, uniq_josephine,
          uniq_maurice
D:13:     layout_small_grid, david_vaults_5, uniq_nessos, uniq_azrael
Lair:1:   layout_roguey, nicolae_volcano_entry_lava_flow,
          hangedman_lair_unloving_vines
Lair:2:   layout_cave_shapes, nicolae_quartered_pool_little, fungi_pond_lemuel,
          grunt_megastairs_5
Lair:3:   layout_hall_layers, minmay_shoals_entry_hut,
          minmay_snake_entry_six_corridors, grunt_megastairs_4,
          serial_bayou_shore_b
Lair:4:   layout_concentric_octagons
Lair:5:   due_jungle_book, layout_cave_pods, minmay_slime_entry_jelly_boxes,
          st_stairs_5, minmay_lair_drake_nest

Skill      XL: |  1  2  3  4  5  6  7  8  9 10 11 12 13 14 15 |
---------------+----------------------------------------------+-----
Invocations    | 1 2 3 4 5 7 9 10 11 | 11.6
Short Blades   | 1 2 3 5 6 7 8 9 10 | 10.7
Long Blades    | 1 2 3 5 6 7 8 9 10 | 10.7
Axes           | 1 2 3 5 6 7 8 9 10 | 10.7
Polearms       | 1 2 3 5 6 7 8 9 10 | 10.7
Staves         | 1 2 3 5 6 7 8 9 10 | 10.7
Ranged Weapons | 1 2 3 5 6 7 8 9 10 | 10.7
Throwing       | 1 2 3 5 6 7 8 9 10 | 10.7
Stealth        | 1 2 3 5 6 7 8 9 10 | 10.7
Shields        | 1 2 3 5 6 7 8 9 10 | 10.7
Unarmed Combat | 1 2 3 5 6 7 8 9 10 | 10.7
Spellcasting   | 1 2 3 5 6 7 8 9 10 | 10.7
Evocations     | 1 2 3 5 6 7 8 9 10 | 10.7
Conjurations   | 1 2 3 4 5 6 7 8 9 |  9.0
Hexes          | 1 2 3 4 5 6 7 8 9 |  9.0
Summonings     | 1 2 3 4 5 6 7 8 9 |  9.0
Necromancy     | 1 2 3 4 5 6 7 8 9 |  9.0
Translocations | 1 2 3 4 5 6 7 8 9 |  9.0
Transmutations | 1 2 3 4 5 6 7 8 9 |  9.0
Fire Magic     | 1 2 3 4 5 6 7 8 9 |  9.0
Ice Magic      | 1 2 3 4 5 6 7 8 9 |  9.0
Air Magic      | 1 2 3 4 5 6 7 8 9 |  9.0
Earth Magic    | 1 2 3 4 5 6 7 8 9 |  9.0
Poison Magic   | 1 2 3 4 5 6 7 8 9 |  9.0
Armour         | 5 6 8 9 10 11 | 11.6
Dodging        | 5 6 8 9 10 11 | 11.6
Fighting       | 7 8 9 10 11 12 | 12.4
Maces & Flails | 7 8 9 10 11 12 | 12.4

Action                   |  1- 3 |  4- 6 |  7- 9 | 10-12 | 13-15 || total
-------------------------+-------+-------+-------+-------+-------++-------
Melee: Flail             |    50 |   137 |   170 |       |       ||   357
       Bite              |     4 |     4 |    46 |    88 |   291 ||   433
       Punch             |       |     4 |    11 |    11 |       ||    26
       Whip              |       |       |    71 |       |       ||    71
       Demon whip        |       |       |   253 |   637 |  1807 ||  2697
Throw: Stone             |       |       |     9 |    26 |    18 ||    53
       Dart              |       |       |       |     4 |       ||     4
       Boomerang         |       |       |       |       |    18 ||    18
       Throwing net      |       |       |       |       |     1 ||     1
Invok: Berserk           |     2 |     1 |     6 |    12 |    11 ||    32
       Trog's Hand       |       |     1 |     4 |     5 |     5 ||    15
       Brothers in Arms  |       |       |       |     2 |     2 ||     4
Evoke: Wand              |       |       |     2 |     1 |     4 ||     7
       Tin of tremorston |       |       |       |       |     1 ||     1
  Use: Scroll            |       |     4 |    12 |    14 |     2 ||    32
       Potion            |       |       |       |     1 |     3 ||     4
 Stab: Sleeping          |     1 |       |       |       |       ||     1
Armor: Animal skin       |     4 |       |       |       |       ||     4
       Leather armour    |     1 |       |       |       |       ||     1
       Chain mail        |     9 |    69 |   109 |       |       ||   187
       Ring mail         |     1 |       |       |       |       ||     1
       Crystal plate arm |       |       |   186 |   380 |   812 ||  1378
Dodge: Dodged            |    31 |    73 |   146 |   139 |   209 ||   598
Block: Buckler           |       |       |       |    37 |       ||    37
       Kite shield       |       |       |       |    41 |   613 ||   654

Table legend: (Time is in decaauts)
 A = Elapsed time spent in this place.
 B = Non-inter-level travel time spent in this place.
 C = Inter-level travel time spent in this place.
 D = Time resting spent in this place.
 E = Time spent auto-exploring this place.
 F = Levels seen in this place.
 G = Mean time per level.
                   A        B        C        D        E       F      G
               +--------+--------+--------+--------+--------+-----+--------+
         Total |  24075 |  22770 |   1305 |   1620 |  16326 |  21 | 1146.4 |
       Dungeon |  14144 |  13216 |    928 |   1016 |   9748 |  13 | 1088.0 |
          Lair |   8299 |   7922 |    377 |    396 |   5849 |   5 | 1659.8 |
       Ossuary |    686 |    686 |      0 |    154 |    300 |   1 |  686.0 |
        Bailey |    620 |    620 |      0 |      0 |    402 |   1 |  620.0 |
       Volcano |    324 |    324 |      0 |     53 |     26 |   1 |  324.0 |
               +--------+--------+--------+--------+--------+-----+--------+

Top non-repeatable levels by time:
  Lair:5: 3230 daAuts
  Lair:2: 1717 daAuts
     D:9: 1430 daAuts
    D:10: 1402 daAuts
    D:12: 1302 daAuts
     D:7: 1301 daAuts
    D:11: 1227 daAuts
     D:5: 1194 daAuts
  Lair:1: 1174 daAuts
  Lair:3: 1105 daAuts
  Lair:4: 1072 daAuts
    D:13: 1064 daAuts
     D:4: 952 daAuts
     D:3: 913 daAuts
     D:1: 882 daAuts
